 Dungeon Crawl Stone Soup version 0.30-a0-1113-ga8025317a9 (webtiles) character file.

Game seed: 7141437366710749223

853 Anamonty the Stinger (level 8, 0/52 HPs)
             Began as an Octopode Venom Mage on Apr 20, 2023.
             Slain by an ice beast (12 damage)
             ... on level 5 of the Dungeon.
             The game lasted 00:08:32 (5246 turns).

Anamonty the Stinger (Octopode Venom Mage)          Turns: 5246, Time: 00:08:32

Health: 0/52       AC:  1    Str: 10    XL:     8   Next: 1%
Magic:  11/14      EV: 14    Int: 17    God:
Gold:   270        SH:  0    Dex: 12    Spells: 7/15 levels left

rFire   . . .      SeeInvis .    i - +0 dagger (speed)
rCold   . . .      Faith    .    (no shield)
rNeg    . . .      Spirit   .    (helmet restricted)
rPois   .          Reflect  .    (no amulet)
rElec   .          Rampage  .    (no ring)
rCorr   .                        (no ring)
Will    .....                    (no ring)
Stlth   +++                      (no ring)
HPRegen 0.28/turn                (no ring)
MPRegen 0.14/turn                (no ring)
                                 (no ring)
                                 (no ring)

@: no status effects
A: almost no armour, amphibious, 8 rings, camouflage 1, gelatinous body 1,
(nimble swimmer 1), tentacles
a: no special abilities


You were on level 5 of the Dungeon.
You visited 2 branches of the dungeon, and saw 6 of its levels.

You collected 270 gold pieces.

Inventory:

Hand Weapons
 i - a +0 dagger of speed (weapon)
Jewellery
 s - a ring of positive energy
Scrolls
 a - a scroll of enchant armour {unknown}
 b - a scroll of magic mapping {unknown}
 c - 3 scrolls of amnesia
 d - 6 scrolls of teleportation
 e - a scroll of fear {unknown}
 f - 2 scrolls of identify
 g - a scroll of blinking {unknown}
 j - 2 scrolls of noise {unknown}
 o - a scroll of silence {unknown}
 p - 2 scrolls of vulnerability {unknown}
Potions
 h - a potion of ambrosia
 k - a potion of berserk rage {unknown}
 l - a potion of haste {unknown}
 q - a potion of curing {unknown}
 r - a potion of mutation {unknown}


   Skills:
 + Level 3.2 Fighting
 + Level 4.3 Dodging
 - Level 2.6 Stealth
 + Level 4.1 Spellcasting
 - Level 1.0 Transmutations
 * Level 7.7 Poison Magic


You had 7 spell levels left.
You knew the following spells:

 Your Spells              Type           Power      Damage    Failure   Level
a - Sting                 Tmut/Pois      72%        1d6       2%          1
b - Olgreb's Toxic Radia  Pois           29%        N/A       6%          4
c - Mephitic Cloud        Conj/Pois/Air  12%        N/A       16%         3

Your spell library contained the following spells:

 Spells                   Type           Power      Damage    Failure   Level
 Poisonous Vapours        Pois/Air       32%        N/A       4%          2
 Cigotuvi's Dreadful Rot  Necr/Pois/Air  24%        N/A       9%          2
 Ignite Poison            Fire/Tmut/Pois 13%        N/A       14%         3
 Slow                     Hex            12%        N/A       16%         1
 Passwall                 Tmut/Erth      4%         N/A       19%         2
 Ensorcelled Hibernation  Hex/Ice        6%         N/A       24%         2
 Lesser Beckoning         Tloc           6%         N/A       24%         2
 Scorch                   Fire           6%         2d5       24%         2
 Static Discharge         Conj/Air       6%         2-3/arc   24%         2
 Confusing Touch          Hex            3%         N/A       43%         3
 Gell's Gravitas          Tloc           3%         N/A       43%         3
 Swiftness                Air            3%         N/A       43%         3
 Teleport Other           Tloc           3%         N/A       43%         3
 Vampiric Draining        Necr           3%         2d6       43%         3
 Airstrike                Air            1%         2d(1-17)  83%         4
 Flame Wave               Conj/Fire      3%         2d5       83%         4
 Summon Lightning Spire   Summ/Air       3%         N/A       83%         4
 Freezing Cloud           Conj/Ice/Air   1%         6-21      99%         5
 Summon Cactus Giant      Summ           1%         N/A       100%        6
 Chain Lightning          Conj/Air       1%         3d2       100%        9
 Fire Storm               Conj/Fire      1%         8d1       100%        9
 Shatter                  Erth           1%         3d6*      100%        9


Dungeon Overview and Level Annotations

Branches:
Dungeon (5/15)             Temple (1/1) D:5

Altars:
Ashenzari
Cheibriados
Dithmenos
Elyvilon
Fedhas
Gozag
Hepliaklqana
Kikubaaqudgha
Makhleb
Nemelex Xobeh
Qazlal
Ru
Sif Muna
Trog
Uskayaw
Vehumet
Wu Jian
Xom
Yredelemnul
Zin
The Shining One

Annotations:
D:4 Dowan, Duvessa


Innate Abilities, Weirdness & Mutations

You cannot wear most types of armour.
You are amphibious.
You can wear up to eight rings at the same time.
Your skin changes colour to match your surroundings (Stealth+).
Your rubbery body absorbs attacks. (AC +1, EV +1)
((You are camouflaged when in or above water. (Stealth+)))
You have tentacles for arms and can constrict up to eight enemies at once.


Message History

The ice beast looks even sicker.
The ice beast is lightly wounded.
The ice beast hits you. The ice beast freezes you!
Casting: Sting (safe; 2% risk of failure)
Confirm with . or Enter, or press ? or * to list all spells.
Aiming: Sting (safe; 2% risk of failure)
Press: ? - help, Shift-Dir - straight line, f/p - ice beast
Aim: an ice beast (lightly wounded, very poisoned, 74% to hit)
The sting hits the ice beast but does no damage.
The ice beast looks even sicker.
The ice beast is lightly wounded.
The ice beast hits you. The ice beast freezes you!
Casting: Sting (safe; 2% risk of failure)
Confirm with . or Enter, or press ? or * to list all spells.
Aiming: Sting (safe; 2% risk of failure)
Press: ? - help, Shift-Dir - straight line, f/p - ice beast
Aim: an ice beast (lightly wounded, very poisoned, 74% to hit)
The sting hits the ice beast.
The ice beast partially resists.
The ice beast is lightly wounded.
The ice beast hits you. The ice beast freezes you.
Unknown command.
You hit the ice beast. Your squeeze misses the ice beast.
The ice beast is moderately wounded.
The ice beast closely misses you.
You closely miss the ice beast.
The ice beast is moderately wounded.
The ice beast hits you.
* * * LOW HITPOINT WARNING * * *
The ice beast freezes you!
* * * LOW HITPOINT WARNING * * *
Unknown command.
You feel much better. The ice beast hits you. The ice beast freezes you!
You closely miss the ice beast.
The ice beast is moderately wounded.
You closely miss the ice beast.
The ice beast is moderately wounded.
The ice beast hits you.
* * * LOW HITPOINT WARNING * * *
The ice beast freezes you!
You die...

#### ########## ...# #.@Y......
...# #.######## #.# ...# #.# #.#
... #.# #.# .. #.# #.# ### #.#
#.# ..########### #.# ####.#
............###.############....#
...........................'.....


You could see an ice beast (very poisoned).

Vanquished Creatures
  Eustachio (D:5)
  An ice beast (D:5)
  A black bear (D:5)
  An ogre (D:5)
  A phantom (D:5)
  3 hounds
  Ijyb (D:5)
  A sleepcap (D:5)
  An iguana (D:5)
  2 orc wizards (D:5)
  A gnoll (D:5)
  5 adders
  A shadow imp (D:5)
  3 worms
  A dart slug (D:1)
  4 orcs
  7 bats
  4 endoplasms
  5 giant cockroaches
  11 goblins
  7 hobgoblins
  5 jackals
  4 kobolds
  4 quokkas
  13 ball pythons
  A frilled lizard (D:3)
  2 rats
91 creatures vanquished.

Notes
Turn   | Place    | Note
-------+----------+-------------------------------------------
     0 | D:1      | Anamonty the Octopode Venom Mage began the quest for the
                  | Orb.
     0 | D:1      | Reached XP level 1. HP: 11/11 MP: 3/3
   295 | D:1      | Reached XP level 2. HP: 9/17 MP: 3/5
   343 | D:1      | Reached skill level 4 in Poison Magic
   934 | D:1      | Reached XP level 3. HP: 17/21 MP: 6/6
  1551 | D:2      | Found an opulent altar of Gozag.
  1662 | D:2      | Reached XP level 4. HP: 27/27 MP: 5/7
  2346 | D:3      | Learned a level 4 spell: Olgreb's Toxic Radiance
  2762 | D:3      | Reached skill level 5 in Poison Magic
  2762 | D:3      | Found a faded altar of an unknown god.
  3149 | D:4      | Noticed Dowan
  3150 | D:4      | Noticed Duvessa
  3222 | D:3      | Learned a level 3 spell: Mephitic Cloud
  3442 | D:4      | Reached skill level 1 in Fighting
  3442 | D:4      | Reached XP level 5. HP: 28/33 MP: 9/9
  3692 | D:5      | Entered Level 5 of the Dungeon
  3708 | D:5      | Found a hide-covered altar of Uskayaw.
  3711 | D:5      | Found a bloodstained altar of Trog.
  3717 | D:5      | Noticed an ogre
  3718 | D:5      | Found a sparkling altar of Nemelex Xobeh.
  3729 | D:5      | Killed an ogre
  3730 | D:5      | Reached XP level 6. HP: 39/39 MP: 5/10
  3777 | D:5      | Found a blossoming altar of Fedhas.
  3800 | D:5      | Reached skill level 6 in Poison Magic
  3928 | D:5      | Found a sacrificial altar of Ru.
  3931 | D:5      | Found an ornate altar of the Wu Jian Council.
  4038 | D:5      | Noticed Eustachio
  4055 | D:5      | Killed Eustachio
  4056 | D:5      | Reached XP level 7. HP: 25/45 MP: 2/12
  4175 | D:5      | Noticed Ijyb
  4186 | D:5      | Killed Ijyb
  4187 | D:5      | Reached skill level 7 in Poison Magic
  4582 | D:5      | Found a staircase to the Ecumenical Temple.
  4599 | Temple   | Entered the Ecumenical Temple
  4806 | D:5      | Reached XP level 8. HP: 34/52 MP: 14/14
  5246 | D:5      | Slain by an ice beast

Illustrated notes

Levels and vault maps discovered:
D:1:      minmay_arrival_five_plusses, layout_loops_corners
D:2:      layout_basic, basic_altar
D:3:      layout_rooms, chequers_ecumenical_altar_simple,
          kennysheep_generic_room_5
D:4:      layout_rooms, kennysheep_flooded_box, uniq_duvessa,
          uniq_crazy_yiuf_cottage, uniq_pargi
D:5:      minmay_inner_zag, layout_basic, nicolae_overflow_hallway_of_the_gods,
          minmay_temple_entry_offerings, minmay_tree_intersection,
          lemuel_flame_loot_1, uniq_eustachio, uniq_ijyb
Temple:   nicolae_temple_superstar

Skill      XL: |  1  2  3  4  5  6  7 |
---------------+----------------------+-----
Poison Magic   | 4 5 6 7 |  7.7
Fighting       | 1 2 3 |  3.2
Dodging        | 3 4 |  4.3
Spellcasting   | 3 4 |  4.1
Stealth        | |  2.6
Transmutations | |  1.0

Action                     |  1- 3 |  4- 6 |  7- 9 || total
---------------------------+-------+-------+-------++-------
  Melee: Unarmed           |    55 |       |       ||    55
         Constrict         |    21 |    18 |    11 ||    50
         Tentacles         |    15 |    26 |    15 ||    56
         Dagger            |    15 |    92 |    48 ||   155
   Cast: Sting             |    25 |     6 |     9 ||    40
         Olgreb's Toxic Ra |       |     9 |     4 ||    13
         Mephitic Cloud    |       |     2 |     1 ||     3
  Evoke: Wand              |       |       |     9 ||     9
    Use: Scroll            |       |     4 |       ||     4
         Potion            |       |     2 |     2 ||     4
   Stab: Sleeping          |     6 |    11 |     2 ||    19
 Armour: Skin              |    10 |     4 |     1 ||    15
  Dodge: Dodged            |    42 |    33 |    22 ||    97

Table legend: (Time is in decaauts)
 A = Elapsed time spent in this place.
 B = Non-inter-level travel time spent in this place.
 C = Inter-level travel time spent in this place.
 D = Time resting spent in this place.
 E = Time spent auto-exploring this place.
 F = Levels seen in this place.
 G = Mean time per level.
                   A        B        C        D        E       F      G
               +--------+--------+--------+--------+--------+-----+--------+
         Total |   5196 |   4926 |    270 |      0 |   3990 |   6 |  866.0 |
       Dungeon |   5089 |   4830 |    259 |      0 |   3908 |   5 | 1017.8 |
        Temple |    106 |     95 |     11 |      0 |     82 |   1 |  106.0 |
               +--------+--------+--------+--------+--------+-----+--------+

Top non-repeatable levels by time:
     D:5: 1412 daAuts
     D:2: 1160 daAuts
     D:1: 1121 daAuts
     D:3: 1015 daAuts
     D:4: 380 daAuts
  Temple: 106 daAuts
